 Dungeon Sprint DCSS version 0.17-a0-1582-ge6b0260 (webtiles) character file.

25 Jb9000 the Shield-Bearer (level 3, -5/24 HPs)
             Began as a Gargoyle Fighter on July 27, 2015.
             Slain by Crazy Yiuf
             ... wielding a +2 quarterstaff of chaos
              (6 damage)
             ... while paralysed by Crazy Yiuf
             ... in the Dungeon (Sprint III: "The Ten Rune Challenge").
             The game lasted 00:01:01 (87 turns).

Jb9000 the Shield-Bearer (Gargoyle Fighter)           Turns: 87, Time: 00:01:01

Health: -5/24      AC: 10    Str: 19    XL:     3   Next: 6%
Magic:  4/4        EV:  2    Int:  8    God:
Gold:   12         SH:  0    Dex: 10    Spells: 0 memorised, 4 levels left

rFire  . . .     SeeInvis .     a - +0 flail
rCold  . . .     Clarity  .     b - +0 scale mail
rNeg   + . .     SustAt   .     c - +0 shield
rPois  ∞         Gourm    .     (no helmet)
rElec  +         Spirit   .     (no cloak)
rCorr  .         Warding  .     (no gloves)
rMut   .         NoTele   +     (no boots)
MR     .....                    (no amulet)
Stlth  ..........               (no ring)
                                (no ring)

@: paralysed, exhausted, slowed, not resistant to hostile enchantments,
extremely unstealthy
A: negative energy resistance 1, electricity resistance, unbreathing,
petrification resistance, rot immunity, AC +3
a: no special abilities


You were in the Dungeon.
You were not hungry.

You visited 1 branch You collected 12 gold pieces.

Inventory:

Hand weapons
 a - a +0 flail (weapon)
Armour
 b - a +0 scale mail (worn)
 c - a +0 shield (worn)
Scrolls
 k - a scroll of blinking
Potions
 d - a potion of might
 h - a potion of haste
 i - 2 potions of magic
Comestibles
 e - a bread ration
 l - 2 chunks of flesh


   Skills:
 + Level 4.0 Fighting
 * Level 2.5 Maces & Flails
 + Level 4.0 Armour
 * Level 1.4 Dodging
 * Level 2.0 Stealth
 * Level 4.8 Shields
 * Level 1.2 Spellcasting


You had 4 spell levels left.
You didn't know any spells.

Dungeon Overview and Level Annotations

Branches:
Dungeon (1/1)

Altars:

Annotations:
D Crazy Yiuf


Innate Abilities, Weirdness & Mutations

You are resistant to torment.
Your stone body is resilient (AC +3).
You are immune to poison.
You resist negative energy.
You are resistant to electric shocks.
You can survive without breathing.
You are immune to petrification.
You are immune to rotting.


Message History

Crazy Yiuf is almost dead.
Crazy Yiuf hits you with a quarterstaff of chaos. x2
Crazy Yiuf hits you with a quarterstaff of chaos!
* * * LOW HITPOINT WARNING * * *
You closely miss Crazy Yiuf.
Crazy Yiuf is almost dead.
Crazy Yiuf hits you but does no damage. Crazy Yiuf closely misses you.
Drink which item? (? for menu, Esc to quit)
You feel better.
Crazy Yiuf hits you with a quarterstaff of chaos!
* * * LOW HITPOINT WARNING * * *
Crazy Yiuf barely misses you.
You closely miss Crazy Yiuf.
Crazy Yiuf is almost dead.
Crazy Yiuf barely misses you. Crazy Yiuf hits you but does no damage.
You suddenly lose the ability to move!
Crazy Yiuf hits you with a quarterstaff of chaos.
* * * LOW HITPOINT WARNING * * *
Crazy Yiuf hits you with a quarterstaff of chaos.
You die...

▓...#......##
▓..##.......# ..#
▓##.##.##...# ..#
##.##.###..# #..#
▓#.####.##..# ...+
▓.###..##..## #...#
▓#.....##..###....#
###..##...##.....#
##..##....#.@g...#
#..###..##.#.....#
#).# #.. ####....#
▓▓▓▓ ▓▓▓ ▓▓▓▓▓


You could see Crazy Yiuf.

Vanquished Creatures
  A human (D)
  An ooze (D)
  3 rats (D)
5 creatures vanquished.

Vanquished Creatures (others)
  A yaktaur (D)
1 creature vanquished.

Grand Total: 6 creatures vanquished

Notes
Turn   | Place    | Note
--------------------------------------------------------------
     0 | D        | Jb9000 the Gargoyle Fighter began the quest for the Orb.
     0 | D        | Reached XP level 1. HP: 14/14 MP: 1/1
    15 | D        | Reached skill level 1 in Stealth
    15 | D        | Reached skill level 4 in Shields
    29 | D        | Killed a yaktaur
    36 | D        | Reached XP level 2. HP: 19/19 MP: 2/2
    72 | D        | Reached skill level 1 in Dodging
    72 | D        | Reached skill level 1 in Spellcasting
    72 | D        | Reached XP level 3. HP: 18/24 MP: 2/4
    73 | D        | Noticed Crazy Yiuf
    86 | D        | Paralysed by Crazy Yiuf for 7 turns
    86 | D        | HP: 1/24 [Crazy Yiuf/quarterstaff of chaos (2)]
    87 | D        | Slain by Crazy Yiuf

Vault maps used:
D:        dungeon_sprint_mu

Action                   || total
-------------------------++-------
Melee: Flail             ||    32
  Use: Potion            ||     3
